 Dungeon Sprint DCSS version 0.30-a0-862-g1aabd4f9c5 (webtiles) character file.

Game seed: 15963162059471477752

1542 dialectric the Fighter (level 8, -15/60 HPs)
             Began as a Gargoyle Fighter on Mar 8, 2023.
             Was a Follower of Trog.
             Shot with a bolt by a yaktaur (17 damage)
             ... in the Dungeon (Sprint II: "The Violet Keep of Menkaure").
             The game lasted 00:01:57 (228 turns).

dialectric the Fighter (Gargoyle Fighter)            Turns: 228, Time: 00:01:58

Health: -15/60     AC: 14    Str: 20    XL:     8   Next: 87%
Magic:  2/2        EV: 13    Int:  9    God:    Trog [*.....]
Gold:   760        SH:  0    Dex: 15    Spells: 7/7 levels left

rFire   + . .      SeeInvis .    d - +10 long sword of the Shore {antimagic, rF+ Dex+4}
rCold   . . .      Faith    .    (no shield)
rNeg    + . .      Spirit   .    b - +0 scale mail
rPois   ∞          Reflect  .    (no helmet)
rElec   +          Rampage  .    (no cloak)
rCorr   .          NoTele   +    (no gloves)
Will    .....                    (no boots) Stlth
                                 (no amulet)
HPRegen 0.30/turn                (no ring)
MPRegen 0.08/turn                (no ring)

@: no status effects
A: sickness immunity, AC +5, negative energy resistance 1, electricity
resistance, torment resistance 1, petrification resistance
a: Renounce Religion, Berserk


You were in the Dungeon.
You worshipped Trog.
Trog was aware of your devotion.
You visited 1 branch You collected 972 gold pieces.
You spent 212 gold pieces at shops.

Inventory:

Hand Weapons
 a - a +0 long sword
 d - the +10 long sword of the Shore (weapon) {antimagic, rF+ Dex+4}
   (You bought it in a shop in the Dungeon)

   Dex:       It affects your dexterity (+4).
   rF:        It protects you from fire.
Armour
 b - a +0 scale mail (worn)
 c - a +0 buckler
Potions
 e - a potion of curing
 h - 2 potions of magic
 i - a potion of berserk rage


   Skills:
 + Level 11.6 Fighting
 * Level 9.9 Long Blades
 + Level 11.5 Armour
 + Level 6.2 Dodging
 - Level 3.2 Shields


You had 7 spell levels left.
You didn't know any spells.
Your spell library was empty.

Dungeon Overview and Level Annotations

Branches:
Dungeon (1/1)

Altars:
Cheibriados
Dithmenos
Elyvilon
Fedhas
Gozag
Hepliaklqana
Kikubaaqudgha
Makhleb
Nemelex Xobeh
Okawaru
Qazlal
Ru
Sif Muna
Trog
Uskayaw
Vehumet
Wu Jian
Xom
Yredelemnul
Zin
The Shining One
Jiyva
Lugonu

Shops:
D !*:[=![[:?=*:(?

Annotations:
D exclusions: obsidian statue and oklob plant


Innate Abilities, Weirdness & Mutations

You are immune to sickness and miasma.
Your stone body is resilient. (AC +5)
You are immune to poison.
You resist negative energy. (rN+)
You are resistant to electric shocks. (rElec)
You are resistant to unholy torment.
You are immune to petrification.


Message History

Marking area around an oklob plant as unsafe for travelling.
There is an open door here.
Found four items.
Found three shops.
The shining eye turns its gaze towards you. x2
There is an entrance to Xopaig's Antique Weapon Shoppe here.
d - the +10 long sword of the Shore {antimagic, rF+ Dex+4} Thank you for shopping at Xopaig's Antique Weapon Shoppe!
You feel agile.
You feel magic leave you.
d - the +10 long sword of the Shore (weapon)
{antimagic, rF+ Dex+4}
There is an entrance to Aruniusa's Assorted Antiques here.
A hornet is nearby!
There is an entrance to Xopaig's Antique Weapon Shoppe here.
The hornet barely misses you.
You slice the hornet!! Your punch misses the hornet.
The hornet is heavily wounded.
The hornet closely misses you. x2
You miss the hornet.
The hornet is heavily wounded.
The hornet stings you but does no damage.
You barely miss the hornet.
The hornet is heavily wounded.
The hornet barely misses you. The hornet closely misses you.
You hit the hornet.
The hornet is severely wounded.
The hornet stings you!
You slash the hornet!
You kill the hornet!
Trog accepts your kill.
You can now go berserk at will.
There is an open door here.
You enter the shallow water.
Moving in this stuff is going to be slow.
The yaktaur hits you but does no damage.
The yaktaur wields a +0 arbalest.
The yaktaur shoots a bolt.
The bolt hits you!
* * * LOW HITPOINT WARNING * * *
The yaktaur shoots a bolt.
The bolt hits you!
* * * LOW HITPOINT WARNING * * *
There is an open door here.
The yaktaur shoots a bolt.
The bolt hits you!
You die...

#~## .....
###########~~#+++#+++##
##########~~~..†......#
#........#~~~~.##'##..#
#....⌠...#~~~~##.#.##.###
#...∩.∩..#~~~~#..#..#....
#....∩.∩.#~~#####†#####..
#.∩.∩.∩.∩#~##.###†###.##.
#∩.∩...∩@#~#...##.##...#.
#.∩.....∩'~c.#)'.<.'##.+.
#∩.......#~#...##.##...#.
▓▓▓▓▓▓▓###~##.###†###.##.
#?GD######~~####.#.####~§
#$GG# ##~~ #.###.#~~~~
∩P! +#~## #.##~~~~ !. ~~
+##~~~≈≈ ~~ ~~~~§~§


You could see an ice dragon, 3 shining eyes, an oklob plant and a yaktaur.

Vanquished Creatures
  A merfolk siren (D)
  A hornet (D)
  2 wyverns (D)
  Menkaure (D)
  2 water moccasins (D)
  4 necrophages (D)
  4 scorpions (D)
15 creatures vanquished.

Notes
Turn   | Place    | Note
-------+----------+-------------------------------------------
     0 | D        | dialectric the Gargoyle Fighter began the quest for the
                  | Orb.
     0 | D        | Reached XP level 1. HP: 14/14 MP: 1/1
     8 | D        | Noticed a merfolk siren
    15 | D        | Killed a merfolk siren
    16 | D        | Reached skill level 5 in Dodging
    16 | D        | Reached XP level 2. HP: 26/26 MP: 2/2
    16 | D        | Reached XP level 3. HP: 30/30 MP: 3/3
    16 | D        | Reached XP level 4. HP: 36/36 MP: 4/4
    16 | D        | Reached XP level 5. HP: 40/40 MP: 5/5
    16 | D        | Reached XP level 6. HP: 45/45 MP: 6/6
    32 | D        | Reached skill level 5 in Long Blades
    32 | D        | Reached XP level 7. HP: 52/52 MP: 7/7
    38 | D        | Reached skill level 10 in Fighting
    38 | D        | Reached skill level 10 in Armour
    42 | D        | Noticed an obsidian statue
    48 | D        | Found Xopaig's Antique Weapon Shoppe.
    48 | D        | Found Gaog's Magic Scroll Emporium.
    49 | D        | Found Aruniusa's Assorted Antiques.
    49 | D        | Found Gitukawn's Book Shoppe.
    57 | D        | Noticed Menkaure
    61 | D        | Killed Menkaure
    95 | D        | Found a glowing silver altar of Zin.
    96 | D        | Found a glowing golden altar of the Shining One.
    96 | D        | Found a basalt altar of Yredelemnul.
    96 | D        | Found a hide-covered altar of Uskayaw.
    97 | D        | Found a shimmering altar of Xom.
    97 | D        | Found a bloodstained altar of Trog.
    98 | D        | Found an ornate altar of the Wu Jian Council.
    98 | D        | Found a shimmering blue altar of Sif Muna.
    98 | D        | Found a corrupted altar of Lugonu.
    98 | D        | Found a radiant altar of Vehumet.
    98 | D        | Found a burning altar of Makhleb.
    99 | D        | Found a sacrificial altar of Ru.
    99 | D        | Found an ancient bone altar of Kikubaaqudgha.
    99 | D        | Found a white marble altar of Elyvilon.
   100 | D        | Found a stormy altar of Qazlal.
   100 | D        | Found a viscous altar of Jiyva.
   100 | D        | Found a shadowy altar of Dithmenos.
   101 | D        | Found a hazy altar of Hepliaklqana.
   101 | D        | Found a snail-covered altar of Cheibriados.
   103 | D        | Found a sparkling altar of Nemelex Xobeh.
   103 | D        | Found a blossoming altar of Fedhas.
   114 | D        | Reached XP level 8. HP: 43/60 MP: 8/8
   114 | D        | Found an iron altar of Okawaru.
   114 | D        | Found an opulent altar of Gozag.
   130 | D        | Noticed a yaktaur
   130 | D        | Noticed a hornet
   130 | D        | Noticed a polar bear
   130 | D        | Noticed a polar bear
   131 | D        | Noticed a polar bear
   141 | D        | Became a worshipper of Trog the Wrathful
   162 | D        | Noticed a wyvern
   162 | D        | Noticed a wyvern
   171 | D        | Killed a wyvern
   182 | D        | Killed a wyvern
   198 | D        | Found Upited's Jewellery Emporium.
   198 | D        | Found Qoupnom's Book Shoppe.
   198 | D        | Found Zixky's Magic Scroll Shoppe.
   199 | D        | Found Zeuph's Antique Armour Shoppe.
   199 | D        | Found Deriho Lint's Antique Armour Emporium.
   200 | D        | Found Zadiducuesh's Distillery.
   200 | D        | Noticed an ice dragon
   201 | D        | Noticed a shining eye
   202 | D        | Found Takhli's Jewellery Shoppe.
   202 | D        | Found Ykhlihu's Antique Armour Emporium.
   202 | D        | Noticed an oklob plant
   203 | D        | Found Qoiff's Distillery.
   203 | D        | Found Riwi's Assorted Antiques.
   203 | D        | Found Xerohobeut's Book Shoppe.
   203 | D        | Noticed a shining eye
   203 | D        | Noticed a shining eye
   205 | D        | Bought a twisted long sword for 212 gold pieces
   205 | D        | Identified the +10 long sword of the Shore {antimagic, rF+
                  | Dex+4} (You bought it in a shop in the Dungeon)
   224 | D        | Killed a hornet
   224 | D        | Reached * piety under Trog
   227 | D        | HP: 2/60 [yaktaur/bolt (13)]
   228 | D        | Shot with a bolt by a yaktaur

Illustrated notes

Levels and vault maps discovered:
D:        the_violet_keep_of_menkaure [sprint2_stairs_cluster_1,
          sprint2_shoproom, sprint2_temple, sprint2_basic_supplies,
          sprint2_obstacle_7, sprint2_obstacle_4, sprint2_obstacle_3,
          sprint2_obstacle_6, sprint2_obstacle_1, sprint2_timed_cluster_1,
          sprint2_smallroom_cluster_1, sprint2_smallroom_final_cluster_1,
          sprint2_transparent_cluster_1, sprint2_second_timed_cluster_1,
          sprint2_sniper_area_1, sprint2_heavy_combat_area_1,
          sprint2_mutation_trap_area_1, sprint2_forest_area_1,
          sprint2_light_combat_area_1, sprint2_behind_water_1,
          sprint2_near_end_vault_1]

Skill      XL: |  1  2  3  4  5  6  7  8 |
---------------+-------------------------+-----
Fighting       | 8 9 11 | 11.6
Long Blades    | 4 5 7 9 |  9.9
Armour         | 8 9 11 | 11.5
Dodging        | 5 6 |  6.2
Shields        | |  3.2

Action                     |  1- 3 |  4- 6 |  7- 9 || total
---------------------------+-------+-------+-------++-------
  Melee: Long sword        |     4 |    10 |    93 ||   107
         Punch             |       |       |     1 ||     1
    Use: Potion            |     1 |       |     2 ||     3
         Scroll            |       |       |     1 ||     1
 Armour: Scale mail        |       |     7 |    51 ||    58
  Dodge: Dodged            |       |     5 |    57 ||    62

Table legend: (Time is in decaauts)
 A = Elapsed time spent in this place.
 B = Non-inter-level travel time spent in this place.
 C = Inter-level travel time spent in this place.
 D = Time resting spent in this place.
 E = Time spent auto-exploring this place.
 F = Levels seen in this place.
 G = Mean time per level.
                   A        B        C        D        E       F      G
               +--------+--------+--------+--------+--------+-----+--------+
         Total |    218 |    218 |      0 |      0 |     11 |   1 |  218.0 |
       Dungeon |    218 |    218 |      0 |      0 |     11 |   1 |  218.0 |
               +--------+--------+--------+--------+--------+-----+--------+

Top non-repeatable levels by time:
       D: 218 daAuts
